 Dungeon Crawl Stone Soup version 0.29.1-12-g30fa7ad0bf (webtiles) character file.

Game seed: 3974685995212212418

27 Sanktem7 the Trooper (level 2, 0/27 HPs)
             Began as a Minotaur Fighter on Dec 26, 2022.
             Slain by Pikel
             ... wielding a +0 whip of freezing
              (3 damage)
             ... on level 4 of the Dungeon.
             The game lasted 00:01:53 (1144 turns).

Sanktem7 the Trooper (Minotaur Fighter)             Turns: 1144, Time: 00:01:54

Health: 0/27       AC:  7    Str: 20    XL:     2   Next: 93%
Magic:  1/1        EV:  9    Int:  5    God:
Gold:   75         SH:  4    Dex:  9    Spells: 1/1 levels left

rFire   . . .      SeeInvis .   a - +0 war axe {axe}
rCold   . . .      Faith    .   c - +0 buckler
rNeg    . . .      Spirit   .   b - +0 scale mail
rPois   .          Reflect  .   (helmet restricted)
rElec   .          Harm     .   (no cloak)
rCorr   .          Rampage  .   (no gloves)
Will    .....                   (no boots)
Stlth   ..........              f - amulet of magic regeneration {@e2}
HPRegen 0.09/turn               (no ring)
MPRegen 0.47/turn               (no ring)

@: no status effects
A: horns 2, retaliatory headbutt
a: no special abilities


You were on level 4 of the Dungeon.
You visited 1 branch of the dungeon, and saw 3 of its levels.

You collected 75 gold pieces.


Innate Abilities, Weirdness & Mutations

You have a pair of horns on your head.
You reflexively headbutt those who attack you in melee.


   Skills:
 * Level 4.2 Fighting
 * Level 3.2 Axes
 + Level 4.0 Armour
 - Level 3.6 Shields


You had one spell level left.
You didn't know any spells.
Your spell library contained the following spells:

 Spells                   Type           Power      Damage    Failure   Level
 Searing Ray              Conj           0%         2d4       96%         2
 Mephitic Cloud           Conj/Pois/Air  0%         N/A       99%         3
 Iron Shot                Conj/Erth      0%         9d1       100%        6

Inventory:

Hand Weapons
 a - a +0 war axe (weapon) {axe}
Missiles
 h - 17 stones (quivered) {throwing}
 o - 3 poisoned darts {throwing}
Armour
 b - a +0 scale mail (worn)
 c - a +0 buckler (worn)
Magical Staves
 k - a staff of death {!astaff}
   (You found it on level 1 of the Dungeon)
Jewellery
 f - an amulet of magic regeneration (around neck) {@e2}
   (You found it on level 1 of the Dungeon)
Scrolls
 e - a scroll of vulnerability {unknown}
 g - a scroll of immolation {unknown}
 m - a scroll of butterflies {unknown}
 n - 2 scrolls of teleportation {unknown}
Potions
 d - a potion of might
 i - a potion of degeneration {unknown}
 j - a potion of haste {unknown}
 l - a potion of magic {unknown}

Dungeon Overview and Level Annotations

Branches:
Dungeon (2/15) Zot: 16833

Altars:

Annotations:
D:4 Pikel

#.# #.# ##
#.# . #.# (
#.# .# #.#
#.# #.# #..
#.##5#.#...
#.@K55S....
####5#.#...
#.. #...
####


You could see Pikel, 4 lemures and a ball python.


Message History

You are too injured to fight recklessly!
You are too injured to fight recklessly!
You are too injured to fight recklessly!
You are too injured to fight recklessly!
You are too injured to fight recklessly!
You are too injured to fight recklessly!
You are too injured to fight recklessly!
You are too injured to fight recklessly!
You are too injured to fight recklessly!
You are too injured to fight recklessly!
You are too injured to fight recklessly!
You are too injured to fight recklessly!
There are monsters nearby!
Unknown command.
You closely miss the kobold. Your headbutt misses the kobold.
You miss the frilled lizard.
The frilled lizard bites you but does no damage.
The kobold hits you but does no damage.
You hit the kobold.
You kill the kobold!
You barely miss the frilled lizard. You block the frilled lizard's attack.
The frilled lizard barely misses you.
You hit the frilled lizard.
You kill the frilled lizard!
You see here a frilled lizard corpse. 😕 HP[+1]
You see here a frilled lizard corpse.
h - 17 stones {throwing} (gained 2)
You see here a +0 dagger {short}.
You now have 75 gold pieces (gained 9).
A ball python comes into view.
The ball python hisses angrily. 😎 HP[+6]
Your hp is fully restored (27).
A ball python is nearby!
A ball python is nearby!
You barely miss the ball python.
The ball python bites you but does no damage.
The ball python grabs you. The ball python constricts you.
The ball python completely misses you. You furiously retaliate!
You headbutt the ball python!
You kill the ball python!
Your Armour skill increases to level 4! 😕 HP[-1]
You take 1 damage, and now have 26/27 hp.
You see here a ball python corpse. 2 ball pythons come into view.
The ball python hisses angrily. x2 😎 HP[+1]
Your hp is fully restored (27).
There are monsters nearby!
A goblin comes into view. It is wielding a +0 club.
A goblin comes into view. It is wielding a +0 dagger.
A sourceless malevolence fills the Dungeon...
You fall into a shaft and drop 2 floors!
The shaft crumbles and collapses.
You hear the sound of rushing water.
There is an entrance to a sewer on this level.
Hurry and find it before the portal rusts away!
A lemure comes into view.
Pikel, Merchant of Souls comes into view.
He is wielding a +0 whip of freezing.
Pikel shouts!
You hear a shout!
A lemure comes into view.
A lemure comes into view.
You hit the lemure. Your headbutt misses the lemure.
A lemure comes into view.
The lemure closely misses you.
You closely miss the lemure.
The lemure shouts!
Your headbutt misses the lemure. The lemure misses you.
You furiously retaliate!
You headbutt the lemure.
The lemure shouts!
You slash the lemure! The lemure hits you. 😕 HP[-3]
You take 3 damage, and now have 24/27 hp.
You slash Pikel!
A ball python comes into view.
Pikel closely misses you. You furiously retaliate!
You headbutt Pikel! 😕 HP[+1]
You closely miss Pikel.
Pikel hits you with a +0 whip of freezing.
Pikel freezes you.
Pikel hits you with a +0 whip of freezing.
Pikel freezes you. 😮 HP[-5]
You take 5 damage, and now have 20/27 hp.
You hit Pikel. Pikel closely misses you. You furiously retaliate!
You headbutt Pikel. You barely miss Pikel.
Pikel hits you with a +0 whip of freezing!
* * * LOW HITPOINT WARNING * * *
Pikel freezes you.
* * * LOW HITPOINT WARNING * * *
😨 HP[-12]
You take 12 damage, and now have 8/27 hp.
MASSIVE DAMAGE!! (PAUSE)
You barely miss Pikel.
Pikel hits you with a +0 whip of freezing.
* * * LOW HITPOINT WARNING * * *
Pikel freezes you.
You die...

Skill      XL: |  1  2 |
---------------+-------+-----
Fighting       | 4 |  4.2
Axes           | 3 |  3.2
Armour         | 4 |  4.0
Shields        | |  3.6

Action                   || total
-------------------------++-------
Melee: War axe           ||    57
       Headbutt          ||     3
Armor: Scale mail        ||    23
Dodge: Dodged            ||    27
Block: Buckler           ||    15

Levels and vault maps discovered:
D:1:      matt_arrival_refuge, layout_loops_ring, chequers_mini_garden,
          chequers_serial_rivers_micro_e, grunt_decor_mini_mirrors
D:2:      layout_rooms, serial_shops, nicolae_shop_crystal, st_stairs_8
D:4:      layout_loops_ring, mainiacjoe_overflow_six_doors_small,
          minmay_temple_entry_drinking_statues, gup_sewer_entry_spiral,
          kennysheep_generic_room_13, uniq_ijyb, uniq_pikel

Notes
Turn   | Place    | Note
-------+----------+-------------------------------------------
     0 | D:1      | Sanktem7 the Minotaur Fighter began the quest for the Orb.
     0 | D:1      | Reached XP level 1. HP: 19/19 MP: 0/0
     0 | D:1      | magus.rc [v1.9.6]
   208 | D:1      | You add the spells Searing Ray, Mephitic Cloud and Iron
                  | Shot to your library.
   208 | D:1      | Got the Folio of Damage Dealing
   299 | D:1      | Reached XP level 2. HP: 26/27 MP: 1/1
   329 | D:1      | Reached skill level 4 in Fighting
   343 | D:1      | Reached skill level 3 in Axes
  1117 | D:2      | Reached skill level 4 in Armour
  1125 | D:2      | You fall into a shaft and drop 2 floors!
  1132 | D:4      | Noticed a lemure
  1133 | D:4      | Noticed Pikel
  1133 | D:4      | Noticed a lemure
  1135 | D:4      | Noticed a lemure
  1137 | D:4      | Noticed a lemure
  1144 | D:4      | HP: 3/27 [Pikel/+0 whip of freezing (5)]
  1144 | D:4      | Slain by Pikel

Vanquished Creatures
  3 endoplasms (D:1)
  2 goblins (D:1)
  2 hobgoblins (D:1)
  5 kobolds
  2 quokkas (D:1)
  2 ball pythons
  3 bats (D:1)
  A frilled lizard (D:2)
  4 rats
24 creatures vanquished.

Table legend:
 A = Non-vault XP
 B = Vault XP
 C = Vault XP percentage of total XP
 D = Non-vault monster count
 E = Vault monster count
 F = Vault count percentage of total count
                 A         B        C        D         E       F
            +---------+---------+-------+---------+---------+-------
      Total |      38 |       1 |   2.6 |      23 |       1 |   4.2
            +---------+---------+-------+---------+---------+-------
        D:1 |      34 |       0 |   0.0 |      20 |       0 |   0.0
        D:2 |       4 |       1 |  20.0 |       3 |       1 |  25.0
            +---------+---------+-------+---------+---------+-------

Illustrated notes

Table legend:
 A = Kills in this place as a percentage of kills in entire the game.
 B = Kills by you in this place as a percentage of kills by you in the entire game.
 C = Kills by friends in this place as a percentage of kills by friends in the entire game.
 D = Other kills in this place as a percentage of other kills in the entire game.
 E = Experience gained in this place as a percentage of experience gained in the entire game.
 F = Experience gained in this place divided by the number of levels of this place that you have seen.
                   A       B       C       D       E      F
               +-------+-------+-------+-------+-------+----------------------
         Total | 100.0 | 100.0 |   N/A |   N/A | 100.0 |  13.0
       Dungeon | 100.0 | 100.0 |   N/A |   N/A | 100.0 |  13.0
               +-------+-------+-------+-------+-------+----------------------

Table legend: (Time is in decaauts)
 A = Elapsed time spent in this place.
 B = Non-inter-level travel time spent in this place.
 C = Inter-level travel time spent in this place.
 D = Time resting spent in this place.
 E = Time spent auto-exploring this place.
 F = Levels seen in this place.
 G = Mean time per level.
                   A        B        C        D        E       F      G
               +--------+--------+--------+--------+--------+-----+--------+
         Total |   1165 |   1147 |     18 |      0 |    978 |   3 |  388.3 |
       Dungeon |   1165 |   1147 |     18 |      0 |    978 |   3 |  388.3 |
               +--------+--------+--------+--------+--------+-----+--------+

Top non-repeatable levels by time:
     D:1: 1023 daAuts
     D:2: 120 daAuts
     D:4: 21 daAuts
